 Dungeon Crawl Stone Soup version 0.31-a0-746-ge8284cb111 (webtiles) character file.

Game seed: 14070206602400586305

56 Corto the Digger (level 3, -1/19 HPs)
             Began as a Gargoyle Earth Elementalist on Sept 14, 2023.
             Slain by a gnoll
             ... wielding a +0 club
              (3 damage)
             ... on level 2 of the Dungeon.
             The game lasted 00:02:40 (1441 turns).

Corto the Digger (Gargoyle Earth Elementalist)      Turns: 1441, Time: 00:02:41

Health: -1/19      AC:  6    Str: 11    XL:     3   Next: 95%
Magic:  0/7        EV: 11    Int: 17    God:
Gold:   87         SH:  0    Dex: 10    Spells: 3/7 levels left

rFire   . . .        h - +0 short sword (elec)
rCold   . . .        (no shield)
rNeg    + . .        a - +0 robe
rPois   ∞            j - +0 helmet
rElec   +            (no cloak)
rCorr   .            (no gloves)
SInv    .            (no boots)
Will    .....        (no amulet)
Stlth   ++           (no ring)
HPRegen 0.23/turn    (no ring)
MPRegen 0.10/turn

%: no passive effects
@: no status effects
A: sickness immunity, AC +3, negative energy resistance 1, electricity
resistance, torment resistance 1, petrification resistance
a: no special abilities


You were on level 2 of the Dungeon.
You visited 1 branch of the dungeon, and saw 2 of its levels.

You collected 87 gold pieces.

Inventory:

Hand Weapons
 d - a +0 whip
 h - a +0 short sword of electrocution (weapon)
Armour
 a - a +0 robe (worn)
 j - a +0 helmet (worn)
Scrolls
 e - a scroll of teleportation {unknown}
 i - a scroll of poison {unknown}
 k - 2 scrolls of immolation {unknown}
 l - a scroll of identify {unknown}
 m - a scroll of acquirement {unknown}
Potions
 b - a potion of magic
 c - 2 potions of curing {unknown}
 f - a potion of lignification {unknown}
 g - a potion of might {unknown}


   Skills:
 - Level 1.5 Dodging
 - Level 2.1 Stealth
 + Level 2.9 Spellcasting
 + Level 1.0 Conjurations
 - Level 0.7 Transmutations
 + Level 4.6 Earth Magic


You had 3 spell levels left.
You knew the following spells:

 Your Spells              Type           Power      Damage    Failure   Level
a - Sandblast             Erth           36%        2d10      2%          1
b - Stone Arrow           Conj/Erth      24%        3d8       16%         3

Your spell library contained the following spells:

 Spells                   Type           Power      Damage    Failure   Level
 Passwall                 Tmut/Erth      9%         N/A       9%          2
 Petrify                  Tmut/Erth      11%        N/A       50%         4


Dungeon Overview and Level Annotations

Branches:
Dungeon (2/15)

Altars:


Innate Abilities, Weirdness & Mutations

You are immune to sickness and miasma.
Your stone body is resilient. (AC +3)
You are immune to poison.
You resist negative energy. (rN+)
You are resistant to electric shocks. (rElec)
You are resistant to unholy torment.
You are immune to petrification.


Message History

Casting: Sandblast (safe; 2% risk of failure)
Confirm with . or Enter, or press ? or * to list all spells.
The blast of sand hits the gnoll!
You kill the gnoll!
The endoplasm quivers.
Your Conjurations skill increases to level 1!
You struggle against the net.
Casting: Sandblast (safe; 2% risk of failure)
Confirm with . or Enter, or press ? or * to list all spells.
The blast of sand hits the gnoll.
The gnoll is moderately wounded.
The gnoll hits you from afar with a +0 spear!
The gnoll barely misses you.
The quokka bites you but does no damage.
Casting: Sandblast (safe; 2% risk of failure)
Confirm with . or Enter, or press ? or * to list all spells.
The blast of sand hits the quokka!
You kill the quokka!
An endoplasm comes into view.
The gnoll hits you but does no damage.
You struggle against the net.
The endoplasm quivers.
The gnoll hits you from afar with a +0 spear.
The gnoll hits you with a +0 club.
* * * LOW HITPOINT WARNING * * *
You struggle against the net.
The gnoll barely misses you. x2
The endoplasm barely misses you.
You are held in a net!
You are held in a net!
You rip the net and break free!
The gnoll hits you from afar with a +0 spear.
* * * LOW HITPOINT WARNING * * *
The endoplasm barely misses you. The gnoll attacks as it pursues you!
The gnoll hits you but does no damage.
The endoplasm attacks as it pursues you!
The endoplasm barely misses you. The gnoll attacks as it pursues you!
The gnoll closely misses you. The gnoll attacks as it pursues you!
The gnoll hits you but does no damage. The gnoll hits you with a +0 club.
You die... ••█ █••••••••••█ ••█ █••••••••••█ █•████••••••••••█ █•••••••••••••••█ ••████••••••••••█ ••••••••••••••••████████ •••••••••••••••••••••••• ••████•████████••••█████ ••██ █• ███████••@•█ •••█ █ ••••••█•gJ•█ •••█ ••••••••g••█ █••█ ••$••••••••█ ••••• •••••••)•J•█ ••██(•█ •••••••••••█ ••(•••••••••••••)•••• ••██ ████•█████••••███ ███ █• █••••█

You could see 2 gnolls and 2 endoplasms.

Vanquished Creatures
  2 gnolls (D:2)
  An endoplasm (D:2)
  4 giant cockroaches
  A goblin (D:2)
  5 hobgoblins
  3 jackals (D:1)
  5 kobolds
  2 quokkas
  2 ball pythons (D:1)
  2 bats (D:1)
  3 frilled lizards (D:1)
  3 rats (D:1)
33 creatures vanquished.

Notes
Turn   | Place    | Note
-------+----------+-------------------------------------------
     0 | D:1      | Corto the Gargoyle Earth Elementalist began the quest for
                  | the Orb.
     0 | D:1      | Reached XP level 1. HP: 10/10 MP: 3/3
   279 | D:1      | Reached XP level 2. HP: 6/15 MP: 0/5
   284 | D:1      | Reached skill level 4 in Earth Magic
  1005 | D:1      | Reached XP level 3. HP: 15/19 MP: 0/6
  1010 | D:1      | Learned a level 3 spell: Stone Arrow
  1433 | D:2      | Reached skill level 1 in Conjurations
  1441 | D:2      | Slain by a gnoll

Illustrated notes

Levels and vault maps discovered:
D:1:      sevenhm_arrival_forest_fort_large_4, layout_loops_corners,
          nicolae_houndstooth_variations
D:2:      layout_basic

Skill      XL: |  1  2  3 |
---------------+----------+-----
Earth Magic    | 4 |  4.6
Conjurations   | 1 |  1.0
Dodging        | |  1.5
Stealth        | |  2.1
Spellcasting   | |  2.9
Transmutations | |  0.7

Action                     || total
---------------------------++-------
  Melee: Whip              ||     5
         Short sword       ||     3
   Cast: Sandblast         ||    51
 Armour: Robe              ||    27
  Dodge: Dodged            ||    28

Table legend: (Time is in decaauts)
 A = Elapsed time spent in this place.
 B = Non-inter-level travel time spent in this place.
 C = Inter-level travel time spent in this place.
 D = Time resting spent in this place.
 E = Time spent auto-exploring this place.
 F = Levels seen in this place.
 G = Mean time per level.
                   A        B        C        D        E       F      G
               +--------+--------+--------+--------+--------+-----+--------+
         Total |   1465 |   1455 |     10 |      0 |   1259 |   2 |  732.5 |
       Dungeon |   1465 |   1455 |     10 |      0 |   1259 |   2 |  732.5 |
               +--------+--------+--------+--------+--------+-----+--------+

Top non-repeatable levels by time:
     D:1: 1283 daAuts
     D:2: 182 daAuts
